 Dungeon Crawl Stone Soup version 0.31.0-1-g2c135a008e (webtiles) character file.

Game seed: 13857096078140868260

15785 Eitelfritz the Grappler (level 12, -2/107 HPs)
             Began as a Troll Shapeshifter on Jan 20, 2024.
             Was a Priest of Wu Jian.
             Shot with an arrow by a centaur warrior (19 damage)
             ... on level 12 of the Dungeon.
             The game lasted 00:26:10 (8694 turns).

Eitelfritz the Grappler (Troll Shapeshifter)        Turns: 8694, Time: 00:26:10

Health: -2/107     AC:  6    Str: 25    XL:     12   Next: 4%
Magic:  11/11      EV: 21    Int:  8    God:    Wu Jian [***...]
Gold:   1682       SH:  5    Dex: 11    Spells: 11/11 levels left

rFire   + .          .
                       - Unarmed
rCold   + . .        (shield currently unavailable)
rNeg    . . .        q - melded +1 robe of Epaifoubb {rElec rN+ Int+6}
rPois   .            (helmet restricted)
rElec   .            S - scarf {rC+ rF+}
rCorr   .            (gloves unavailable)
SInv    .            (boots unavailable)
Will    .....        H - amulet of reflection
Stlth   +            z - +4 ring of protection
HPRegen 1.17/turn    G - +5 ring of evasion
MPRegen 0.12/turn

%: reflection
@: flux-form, glowing
A: glow, contaminating, large, unfitting armour, claws 3, regeneration 1, shaggy
fur 1, tough skin 1
a: Begin Untransformation, Renounce Religion, Wall Jump, Serpent's Lash


You were on level 12 of the Dungeon.
You worshipped Wu Jian.
Wu Jian was most pleased with you.
You were something dangerously unstable.
You visited 2 branches of the dungeon, and saw 13 of its levels.
You also visited: Gauntlet.

You collected 1682 gold pieces.

Inventory:

Hand Weapons
 a - a +1 orcbow of draining
 b - a +1 demon whip of venom
Missiles
 f - 14 poisoned darts (quivered)
 i - 6 javelins
Armour
 k - an orb of light
 q - the +1 robe of Epaifoubb (melded) {rElec rN+ Int+6}
   (You found it on level 10 of the Dungeon)

   Int+6:     It affects your intelligence (+6).
   rElec:     It insulates you from electricity.
   rN+:       It protects you from negative energy.
 w - a +0 kite shield
 S - a scarf of resistance (worn)
 X - +1 acid dragon scales
Jewellery
 e - an amulet of guardian spirit
 z - a +4 ring of protection (left claw)
 D - a ring of resist corrosion
 E - a ring of positive energy
 G - a +5 ring of evasion (right claw)
 H - an amulet of reflection (around neck)
 J - a ring of wizardry
 L - a ring of poison resistance
 O - a ring of flight
 T - an amulet of regeneration
Talismans
 c - a beast talisman
 d - a flux talisman (active)
 N - a maw talisman
Wands
 v - a wand of mindburst (28)
 x - a wand of digging (8)
 F - a wand of flame (22)
 K - a wand of charming (12)
 P - a wand of iceblast (11)
Scrolls
 h - 2 scrolls of teleportation
 p - 4 scrolls of fear
 r - 2 scrolls of blinking
 u - 2 scrolls of vulnerability
 y - a scroll of summoning
 B - 3 scrolls of brand weapon
 C - a scroll of enchant weapon
 M - 2 scrolls of poison
 Q - a scroll of immolation
 U - a scroll of fog
Potions
 g - 2 potions of curing
 j - 2 potions of heal wounds
 l - 4 potions of cancellation
 m - 4 potions of resistance
 n - 4 potions of mutation
 o - 2 potions of brilliance
 s - 3 potions of enlightenment
 t - 8 potions of invisibility
 A - a potion of attraction {unknown}
 I - 7 potions of lignification
 R - 2 potions of magic


   Skills:
 + Level 4.2 Fighting
 + Level 1.2 Throwing
 + Level 6.9 Dodging
 + Level 2.8 Stealth
 + Level 3.4 Shields
 + Level 14.5 Unarmed Combat
 + Level 7.4 Shapeshifting


You had 11 spell levels left.
You didn't know any spells.
Your spell library contained the following spells:

 Spells                   Type           Power      Damage    Failure   Level
 Freeze                   Ice            0%         1d3       41%         1
 Jinxbite                 Hex            0%         N/A       54%         2
 Momentum Strike          Conj/Tloc      0%         3d8       54%         2
 Static Discharge         Conj/Air       0%         3-3/arc   54%         2
 Frozen Ramparts          Ice            0%         1d1       78%         3
 Hailstorm                Conj/Ice       0%         3d5       78%         3


Dungeon Overview and Level Annotations

Branches:
Dungeon (12/15)            Temple (1/1) D:6            Lair (0/5) D:9
    Orc (0/2) D:9         Gauntlet (visited)

Altars:
Ashenzari
Cheibriados
Dithmenos
Elyvilon
Fedhas
Gozag
Hepliaklqana
Kikubaaqudgha
Makhleb
Nemelex Xobeh
Okawaru
Qazlal
Ru
Sif Muna
Trog
Uskayaw
Vehumet
Wu Jian
Xom
Yredelemnul
Zin
The Shining One

Shops:
D:9 **


Innate Abilities, Weirdness & Mutations

You are something dangerously unstable.
You glow with magical radiation, making you easy to see and hit.
Foes you strike become dangerously contaminated with magical radiation.
You are incapable of wielding weapons or throwing items.
You are too large for most types of armour.
You have claws for hands.
Your natural rate of healing is unusually fast.
You are covered in fur. (AC +1)
You have tough skin. (AC +1)


Message History

* * * LOW HITPOINT WARNING * * *
The troll claws you.
* * * LOW HITPOINT WARNING * * *
The troll misses you.
You mangle the troll!!
The troll begins to glow.
The troll is almost dead.
You scratch the troll but do no damage.
The troll glows dangerously bright.
The troll is almost dead.
A centaur warrior comes into view.
A centaur comes into view.
The troll misses you. You block the troll's attack.
The troll completely misses you.
You scratch the troll.
The troll shudders as magic cascades through it.
The troll twists and deforms.
The troll is almost dead.
The centaur wields a +0 orcbow.
The centaur shoots an arrow.
The arrow misses you.
The arrow barely misses the troll.
You block the troll's attack. The troll misses you. x2
The centaur warrior wields a +0 shortbow of freezing.
It is covered in frost.
The centaur warrior shoots an arrow.
The arrow completely misses you.
The arrow hits the troll!!
The arrow freezes the troll.
The troll dies!
A wraith comes into view.
The centaur shoots an arrow.
The arrow barely misses you.
You hear a shout!
A centaur warrior comes into view.
Found 8 stones.
You lunge at the centaur.
The centaur warrior shouts!
You scratch the centaur.
The centaur begins to glow.
The centaur is lightly wounded.
You hear a roar!
The centaur warrior wields a +3 shortbow.
The centaur warrior shoots an arrow.
The arrow completely misses you.
A cyclops comes into view.
An occultist comes into view. It is wielding a +0 dagger.
There is an open door here.
You barely miss the centaur warrior.
The centaur warrior shoots an arrow.
The arrow hits you!!
You die...

#...............#...#
#...............#...#
#...............#...#
#.....####......#...#######
#.###.# #......#..........
..# #.# #......#..........
..# #.# .#......#..†..$....
..# ###...........†......$.
###. ..###+####p####+###..
.... .. #..cc......# .... .
#.#W.###...#.. ..... ..##
p##(# ..... #. C .c .....
.. ## ....# . .... ....


You could see 2 centaur warriors, a cyclops, an occultist, a wraith and a
centaur (contam).

Vanquished Creatures
  A minotaur (Gauntlet)
  2 catoblepae
  2 two-headed ogres (D:11)
  2 boulder beetles (D:11)
  Amaemon (D:9)
  2 lightning spires (Gauntlet)
  An ugly thing (D:12)
  Maurice (D:8)
  The ghost of Tizio the Covered, a novice MiFi of Okawaru (D:6)
  2 cyclopes (D:11)
  2 molten gargoyles (Gauntlet)
  2 gargoyles
  A guardian serpent (D:11)
  An orange demon (D:9)
  2 trolls
  Prince Ribbit (D:6)
  2 raiju (Gauntlet)
  A wraith (D:12)
  2 wyverns
  5 yaks (D:11)
  A shadow (D:10)
  3 vampires
  A steam dragon (D:7)
  2 acid dragons
  5 orc warriors
  An ice beast (D:6)
  2 black bears
  An ogre (D:4)
  5 centaurs
  2 phantoms (D:4)
  A scorpion (D:7)
  A bullfrog (D:8)
  3 killer bees (D:9)
  2 electric eels (D:11)
  6 howler monkeys
  A bombardier beetle (D:3)
  5 orc priests
  2 jellies
  Crazy Yiuf (D:2)
  A gnoll bouda (D:8)
  3 hounds
  2 iguanas
  Natasha (thrice) (D:2)
  16 orc wizards
  6 adders
  12 gnolls
  3 shadow imps
  A white imp (D:7)
  2 ufetubi (D:7)
  4 dart slugs
  2 ribbon worms
  67 orcs
  3 ball pythons
  5 bats
  8 endoplasms
  4 giant cockroaches
  4 hobgoblins
  4 jackals (D:3)
  4 kobolds
  8 quokkas
  4 frilled lizards
  6 goblins
  6 rats
257 creatures vanquished.

Vanquished Creatures (others)
  A troll (D:12)
  An orc wizard (D:8)
2 creatures vanquished.

Grand Total: 259 creatures vanquished

Notes
Turn   | Place    | Note
-------+----------+-------------------------------------------
     0 | D:1      | Eitelfritz the Troll Shapeshifter began the quest for the
                  | Orb.
     0 | D:1      | Reached XP level 1. HP: 18/18 MP: 0/0
   745 | D:1      | Reached XP level 2. HP: 26/26 MP: 1/1
   858 | D:2      | Noticed Natasha
   861 | D:2      | Killed Natasha
   862 | D:2      | Reached XP level 3. HP: 32/32 MP: 2/2
   872 | D:2      | Noticed Natasha
   880 | D:2      | Killed Natasha
   881 | D:2      | Reached XP level 4. HP: 29/40 MP: 3/3
   911 | D:2      | Noticed Natasha
   915 | D:2      | Killed Natasha
   962 | D:2      | Reached skill level 4 in Unarmed Combat
  1133 | D:2      | Reached skill level 1 in Fighting
  1309 | D:2      | Found a runed translucent door.
  1310 | D:2      | Noticed Crazy Yiuf
  1319 | D:2      | Killed Crazy Yiuf
  1320 | D:2      | Reached XP level 5. HP: 38/48 MP: 4/4
  1747 | D:3      | Reached XP level 6. HP: 50/55 MP: 5/5
  1895 | D:3      | Found a hazy altar of Hepliaklqana.
  1925 | D:3      | Reached skill level 5 in Unarmed Combat
  1949 | D:3      | Found a radiant altar of Vehumet.
  1949 | D:3      | Found a shadowy altar of Dithmenos.
  2543 | D:4      | Found an opulent altar of Gozag.
  2622 | D:4      | Reached XP level 7. HP: 63/63 MP: 6/6
  2946 | D:4      | Identified a scroll of acquirement
  2946 | D:4      | Acquired 885 gold pieces
  3001 | D:5      | Entered Level 5 of the Dungeon
  3120 | D:5      | Reached skill level 6 in Unarmed Combat
  3398 | D:5      | Found an iron altar of Okawaru.
  3703 | D:6      | Noticed Prince Ribbit
  3718 | D:6      | Reached skill level 7 in Unarmed Combat
  3730 | D:6      | Killed Prince Ribbit
  3731 | D:6      | Reached skill level 1 in Stealth
  3731 | D:6      | Reached XP level 8. HP: 55/72 MP: 7/7
  3876 | D:6      | Reached skill level 5 in Shapeshifting
  4018 | D:6      | Found a staircase to the Ecumenical Temple.
  4028 | D:6      | Reached skill level 8 in Unarmed Combat
  4207 | D:6      | Found a runed translucent door.
  4207 | D:6      | Noticed Tizio's ghost (novice MiFi)
  4311 | Temple   | Entered the Ecumenical Temple
  4320 | Temple   | Became a worshipper of the Wu Jian Council
  4484 | D:7      | Identified the +11 falchion of the Warrior {pain, Fly rF+++
                  | rN+ Dex+2}
  4547 | D:7      | Reached skill level 1 in Shields
  4709 | D:7      | Reached skill level 9 in Unarmed Combat
  4709 | D:7      | Reached XP level 9. HP: 80/80 MP: 8/8
  5162 | D:6      | Killed Tizio's ghost
  5258 | D:8      | Noticed Maurice
  5618 | D:8      | Reached * piety under Wu Jian
  5621 | D:8      | Reached skill level 10 in Unarmed Combat
  5740 | D:8      | Maurice stole a +1 orcbow of draining
  5743 | D:8      | Maurice stole a ring of wizardry
  5744 | D:8      | Killed Maurice
  6019 | D:9      | Found a blossoming altar of Fedhas.
  6026 | D:9      | Reached skill level 5 in Dodging
  6029 | D:9      | Reached skill level 1 in Throwing
  6032 | D:9      | Found Aitam's Alliterative Armaments.
  6112 | D:9      | Reached XP level 10. HP: 78/91 MP: 9/9
  6120 | D:9      | Reached ** piety under Wu Jian
  6152 | D:9      | Found a staircase to the Orcish Mines.
  6346 | D:9      | Found a staircase to the Lair.
  6430 | D:9      | Reached skill level 11 in Unarmed Combat
  6445 | D:9      | Noticed an orange demon
  6446 | D:9      | Noticed Amaemon
  6465 | D:9      | Killed Amaemon
  6474 | D:9      | Killed an orange demon
  6621 | D:9      | Found Cysam's General Store.
  6746 | D:10     | Entered Level 10 of the Dungeon
  6750 | D:10     | Noticed a gargoyle
  6753 | D:10     | Killed a gargoyle
  7090 | D:10     | Found a stormy altar of Qazlal.
  7094 | D:10     | Identified the +1 robe of Epaifoubb {rElec rN+ Int+6}
  7410 | D:11     | Noticed a cyclops
  7416 | D:11     | Killed a cyclops
  7417 | D:11     | Reached skill level 12 in Unarmed Combat
  7427 | D:11     | Noticed a two-headed ogre
  7436 | D:11     | Killed a two-headed ogre
  7475 | D:11     | Noticed a cyclops
  7484 | D:11     | Killed a cyclops
  7490 | D:11     | Reached XP level 11. HP: 83/97 MP: 10/10
  7536 | D:11     | Noticed a two-headed ogre
  7545 | D:11     | Killed a two-headed ogre
  7711 | D:11     | Found a gate leading to a gauntlet.
  7728 | Gauntlet | Entered a Gauntlet
  7728 | Gauntlet | Found a transporter.
  7735 | Gauntlet | Found a runed translucent door.
  7737 | Gauntlet | Found a transporter.
  7739 | Gauntlet | Found a runed translucent door.
  7744 | Gauntlet | Noticed a wretched star
  7749 | Gauntlet | Found a transporter.
  7753 | Gauntlet | Found a transporter.
  7763 | Gauntlet | Found a transporter.
  7782 | Gauntlet | Noticed a green death
  7783 | Gauntlet | Found a transporter.
  7791 | Gauntlet | Found a transporter.
  7792 | Gauntlet | Found a transporter.
  7816 | Gauntlet | Noticed a catoblepas
  7819 | Gauntlet | Found a transporter.
  7836 | Gauntlet | Found a transporter.
  7840 | Gauntlet | Found a transporter.
  7840 | Gauntlet | Noticed a lightning spire
  7846 | Gauntlet | Noticed a lightning spire
  7848 | Gauntlet | Found a transporter.
  7861 | Gauntlet | Noticed a purple ugly thing
  7885 | Gauntlet | Noticed a great orb of eyes
  7920 | Gauntlet | Killed a lightning spire
  7920 | Gauntlet | Reached *** piety under Wu Jian
  7921 | Gauntlet | Reached skill level 13 in Unarmed Combat
  7989 | Gauntlet | Killed a lightning spire
  8044 | Gauntlet | Killed a catoblepas
  8118 | Gauntlet | Noticed a minotaur
  8123 | Gauntlet | Killed a minotaur
  8132 | Gauntlet | Identified the +1 falchion "Zarr" {freeze, Fly}
  8133 | Gauntlet | Got Spellcasting, and How To Use It
  8314 | D:11     | Noticed a catoblepas
  8325 | D:11     | Killed a catoblepas
  8326 | D:11     | Reached skill level 14 in Unarmed Combat
  8343 | D:11     | Noticed a boulder beetle
  8354 | D:11     | Killed a boulder beetle
  8420 | D:11     | Noticed a boulder beetle
  8431 | D:11     | Killed a boulder beetle
  8678 | D:12     | Noticed a purple ugly thing
  8685 | D:12     | Killed a red ugly thing
  8686 | D:12     | Reached XP level 12. HP: 21/107 MP: 11/11
  8690 | D:12     | Noticed a centaur warrior
  8693 | D:12     | Noticed a centaur warrior
  8694 | D:12     | Shot with an arrow by a centaur warrior

Illustrated notes

Levels and vault maps discovered:
D:1:      dpeg_arrival_court, layout_basic
D:2:      layout_rooms, minmay_close_crescents, uniq_natasha,
          uniq_crazy_yiuf_cottage
D:3:      minmay_chambers_of_twos, layout_loops_ring,
          mainiacjoe_overflow_divided_tiny, lemuel_crystal_altar,
          kennysheep_generic_room_11
D:4:      layout_rooms, mainiacjoe_overflow_alcove_2, serial_curves,
          eino_curves_02, eino_curves_01, kennysheep_cluttered_room,
          minmay_fountain_box
D:5:      layout_gridville, mainiacjoe_overflow_concentric_impassable
D:6:      black_bear_nest_1, layout_basic, minmay_temple_entry_water_ring,
          gammafunk_ghost_grave, uniq_prince_ribbit1
D:7:      layout_loops_ring
D:8:      layout_rooms, serial_rivers, chequers_serial_rivers_small_3,
          chequers_serial_rivers_small_3, chequers_serial_rivers_micro_d,
          chequers_serial_rivers_small_b, nicolae_nh_ransacked_shop,
          uniq_maurice
D:9:      layout_basic, fedhas_bush_and_centaur_altar, lair_entry_dummy,
          hiddenorc2_lemuel, serial_shops, kennysheep_little_box,
          kennysheep_doodads, monkooky_shop_alliterative, uniq_amaemon
D:10:     layout_loops_ring, nicolae_qazlal_general_emergency
D:11:     layout_basic, gauntlet_entry_generic, nrook_guardian_serpent_ordinary
D:12:     layout_irregular_city, portal_ice_cave_entry_pillars_1,
          chequers_serial_rivers_micro_e, minmay_the_grid_square_5x5_3x3_mashed
          [minmay_the_grid_square_5x5_slash, minmay_the_grid_square_5x5_empty,
          minmay_the_grid_square_5x5_shrine1, minmay_the_grid_square_5x5_spiral,
          minmay_the_grid_square_5x5_megaprize_open,
          minmay_the_grid_square_5x5_minibox, minmay_the_grid_square_5x5_corner,
          minmay_the_grid_square_5x5_longway,
          minmay_the_grid_square_5x5_doubleslash]
Temple:   hellmonk_temple_two_chambers

Skill      XL: |  1  2  3  4  5  6  7  8  9 10 11 |
---------------+----------------------------------+-----
Dodging        | 2 3 4 5 6 |  6.9
Shapeshifting  | 4 5 6 7 |  7.4
Unarmed Combat | 4 5 7 9 10 12 14 | 14.5
Fighting       | 1 2 3 4 |  4.2
Stealth        | 1 2 |  2.8
Shields        | 1 2 3 |  3.4
Throwing       | 1 |  1.2

Action                     |  1- 3 |  4- 6 |  7- 9 | 10-12 || total
---------------------------+-------+-------+-------+-------++-------
  Melee: Unarmed           |    38 |   157 |   252 |   275 ||   722
         Punch             |     2 |     3 |    16 |    21 ||    42
  Throw: Dart              |       |     4 |     2 |       ||     6
Ability: Lunge             |       |       |    15 |    25 ||    40
         Whirlwind         |       |       |    10 |    26 ||    36
         Begin Untransform |       |       |       |     2 ||     2
    Use: Scroll            |       |       |    20 |     3 ||    23
         Potion            |       |       |       |     2 ||     2
   Stab: Sleeping          |       |       |     3 |       ||     3
         Distracted        |       |       |       |     2 ||     2
 Armour: Animal skin       |    35 |    88 |   119 |    53 ||   295
         Robe              |       |       |       |    72 ||    72
         Skin              |       |       |       |    28 ||    28
  Dodge: Dodged            |    19 |    74 |   134 |   159 ||   386
  Block: Other             |       |       |    46 |    46 ||    92
         Reflection        |       |       |     2 |     6 ||     8
   Form: Beast             |       |       |       |     1 ||     1
         Flux              |       |       |       |     1 ||     1
